 Dungeon Crawl Stone Soup version 0.27.1-2-g3b301248ec (webtiles) character file.

Game seed: 9971540476188337740

35 AZSletch the Ruffian (level 3, -1/28 HPs)
             Began as a Draconian Transmuter on Oct 2, 2021.
             Slain by a worm (3 damage)
             ... on level 2 of the Dungeon.
             The game lasted 00:04:00 (1058 turns).

AZSletch the Ruffian (Draconian Transmuter)         Turns: 1058, Time: 00:04:01

Health: -1/28      AC:  5    Str: 13    XL:     3   Next: 17%
Magic:  4/6        EV: 12    Int: 13    God:
Gold:   23         SH:  0    Dex: 11    Spells: 3/6 levels left

rFire    + . .     SeeInvis .     - Unarmed
rCold    . . .     Faith    .   (no shield)
rNeg     + . .     Spirit   .   (armour unavailable)
rPois    .         Reflect  .   (helmet restricted)
rElec    .         Harm     .   (no cloak)
rCorr    .         Rampage  .   (no gloves)
Will     .....                  (no boots)
Stlth    +.........             (no amulet)
HPRegen  0.09/turn              b - ring of positive energy
MPRegen  0.10/turn              e - ring of protection from fire

@: wereblooded
A: AC +5, unfitting armour, cold-blooded
a: no special abilities


You were on level 2 of the Dungeon.
You visited 1 branch of the dungeon, and saw 2 of its levels.

You collected 23 gold pieces.

Inventory:

Hand Weapons
 c - a +0 hunting sling
Missiles
 f - 27 sling bullets
Jewellery
 b - a ring of positive energy (left hand)
 e - a ring of protection from fire (right hand)
Scrolls
 a - 3 scrolls of amnesia {unknown}
 d - a scroll of teleportation {unknown}


   Skills:
 + Level 1.2 Fighting
 + Level 2.3 Dodging
 + Level 3.5 Unarmed Combat
 + Level 2.2 Spellcasting
 + Level 2.1 Transmutations


You had 3 spell levels left.
You knew the following spells:

 Your Spells              Type           Power      Damage    Failure   Level
a - Beastly Appendage     Tmut           14%        N/A       10%         1
b - Wereblood             Tmut           7%         N/A       16%         2

Your spell library contained the following spells:

 Spells                   Type           Power      Damage    Failure   Level
 Spider Form              Tmut/Pois      2%         N/A       43%         3
 Ice Form                 Ice/Tmut       4%         N/A       85%         4


Dungeon Overview and Level Annotations

Branches:
Dungeon (2/15)

Altars:


Innate Abilities, Weirdness & Mutations

Your plain brown scales are hard. (AC +5)
You cannot fit into any form of body armour.
You are cold-blooded and may be slowed by cold attacks.


Message History

The bat hits you but does no damage. The bat hits you. The bat hits you.
Casting: Beastly Appendage (safe; 10% risk of failure)
Confirm with . or Enter, or press ? or * to list all spells.
You grow a pair of large bovine horns.
Your feet morph into talons.
The bat closely misses you.
Casting: Beastly Appendage (safe; 10% risk of failure)
Confirm with . or Enter, or press ? or * to list all spells.
Your blood is infused with primal strength.
Your transformation is almost over.
The bat hits you but does no damage.
You are too injured to fight recklessly!
The bat hits you but does no damage. The bat closely misses you.
You miss the bat. Your headbutt misses the bat. The bat closely misses you.
You hit the bat but do no damage. You headbutt the bat.
The bat is heavily wounded.
The bat hits you but does no damage.
You barely miss the bat. Your headbutt misses the bat.
The bat is heavily wounded.
The bat hits you but does no damage. The bat closely misses you.
The bat completely misses you. The bat closely misses you.
You hit the bat.
You feel a bit better.
You kill the bat!
You howl as the wereblood boils in your veins!
Your horns disappear.
Your talons disappear.
The worm bites you.
There is an open door here.
You see here a bat corpse.
You punch the worm!
The worm is moderately wounded.
You hit the worm.
The worm is severely wounded.
The worm bites you!
* * * LOW HITPOINT WARNING * * *
You hit the worm.
The worm is severely wounded.
The worm bites you.
You die...

#..........|..#
#.............#
#........(....#
#.............#
#####.............#
........###....##.....
............†...+...>..
.###.##.###.†w.##....).
# #.# ###@## ...###
.##+#####.# ..#
.....<..#.# .#
........'.#
........######+
.......).......
....###†########.# .##
#.# #.# #
#.########...#


You could see a worm.

Vanquished Creatures
  A worm (D:2)
  A dart slug (D:1)
  2 ball pythons
  2 bats
  An endoplasm (D:1)
  2 giant cockroaches
  4 hobgoblins (D:1)
  2 jackals (D:1)
  2 quokkas (D:1)
  3 frilled lizards
  4 kobolds
  4 rats
28 creatures vanquished.

Vanquished Creatures (others)
  A kobold (D:1)
  4 plants (D:1)
5 creatures vanquished.

Grand Total: 33 creatures vanquished

Notes
Turn   | Place    | Note
-------+----------+-------------------------------------------
     0 | D:1      | AZSletch the Draconian Transmuter began the quest for the
                  | Orb.
     0 | D:1      | Reached XP level 1. HP: 16/16 MP: 3/3
   142 | D:1      | Reached XP level 2. HP: 23/23 MP: 3/5
   145 | D:1      | Learned a level 2 spell: Wereblood
   168 | D:1      | Found a faded altar of an unknown god.
   972 | D:2      | Reached XP level 3. HP: 27/28 MP: 4/6
  1058 | D:2      | Slain by a worm

Illustrated notes

Levels and vault maps discovered:
D:1:      dpeg_arrival_line_fractal, layout_rooms,
          shapermc_ecumenical_altar_mp_ritualfount, lemuel_flame_loot_1
D:2:      layout_basic, minmay_bisected

Skill      XL: |  1  2 |
---------------+-------+-----
Dodging        | 2 |  2.3
Fighting       | |  1.2
Unarmed Combat | |  3.5
Spellcasting   | |  2.2
Transmutations | |  2.1

Action                   || total
-------------------------++-------
Melee: Unarmed           ||    82
       Headbutt          ||    11
       Kick              ||     9
       Tailslap          ||     5
 Cast: Beastly Appendage ||    17
       Wereblood         ||     4
 Stab: Sleeping          ||     2
Armor: Skin              ||    26
Dodge: Dodged            ||    44
